Map: Lerilak Crest

Players

Nerchio - Winner!

  • Race: Zerg Zerg
  • League: Grandmaster

TYTY (TY)

  • Race: Terran Terran
  • League: Diamond

Event: DreamHack ROCCAT LotV Championship

VOD

Have the link to the VOD?

Description

Time

  • Played on: Nov. 26, 2015, 1:25 p.m.
  • Length: 13:50

All games in this series

Show
View Real Time Build Order
Export as new Build Order

Nerchio Zerg - Winner!

Build Orders: Hatch First 

Get SALT Encoding   

  12  0:00  Drone  
  13  0:12  Overlord  
  13  0:17  Drone  
  14  0:30  Drone x2  
  14  0:34  Drone  
  17  0:52  Hatchery  
  17  0:55  Drone  
  17  0:59  Drone  
  18  1:12  Spawning Pool  
  18  1:14  Drone  
  18  1:19  Drone  
  18  1:21  Extractor  
  18  1:28  Drone  
  19  1:38  Overlord  
  19  1:59  Queen, Zergling x2  
  19  2:00  Zergling x2  
  23  2:03  Queen  
  23  2:04  Zergling x2  
  26  2:11  Drone  
  26  2:15  Drone  
  28  2:22  Drone  
  29  2:29  Spore Crawler  
  28  2:33  Drone  
  28  2:36  Drone  
  30  2:39  Drone, Queen  
  30  2:41  Metabolic Boost  
  34  2:44  Drone  
  34  2:50  Overlord  
  34  2:55  Drone  
  34  2:57  Drone  
  35  3:09  Drone x5  
  40  3:14  Overlord  
  40  3:15  Drone  
  40  3:19  Zergling x2  
  41  3:20  Zergling x2  
  41  3:27  Roach Warren  
  41  3:29  Drone  
  41  3:31  Drone  
  41  3:33  Drone  
  43  3:39  Zergling x2  
  44  3:43  Overlord  
  44  3:46  Extractor  
  43  3:54  Drone  
  43  3:55  Drone  
  45  3:57  Drone  
  45  4:00  Drone x2  
  49  4:02  Drone  
  49  4:03  Drone  
  49  4:05  Drone  
  49  4:06  Hatchery  
  50  4:10  Overlord  
  50  4:21  Roach x4  
  57  4:25  Overlord  
  57  4:28  Roach  
  57  4:30  Extractor  
  58  4:36  Evolution Chamber, Drone  
  58  4:37  Evolution Chamber  
  57  4:39  Drone x3  
  57  4:41  Drone  
  57  4:45  Ravager x4  
  65  4:48  Drone x2  
  65  4:52  Extractor  
  66  4:54  Spore Crawler  
  66  4:55  Spore Crawler  
  66  4:56  Drone  
  66  4:58  Drone  
  66  5:00  Drone  
  66  5:01  Drone  
  66  5:05  Drone  
  66  5:07  Drone  
  66  5:08  Drone  
  66  5:09  Drone  
  68  5:14  Drone  
  68  5:16  Drone  
  68  5:25  Zerg Ground Armor Level 1, Zerg Melee Weapons Level 1  
  68  5:26  Drone  
  67  5:28  Drone  
  67  5:29  Drone  
  67  5:32  Drone  
  68  5:36  Drone  
  68  5:37  Drone x2  
  68  5:40  Drone  
  69  5:43  Overlord  
  69  5:46  Overlord  
  59  5:59  Drone x4  
  59  6:01  Lair  
  62  6:04  Spore Crawler  
  62  6:08  Queen x2  
  65  6:23  Drone  
  65  6:24  Drone x2  
  68  6:26  Roach  
  68  6:27  Roach x4  
  68  6:31  Overlord  
  78  6:33  Overlord  
  78  6:37  Overlord  
  78  6:44  Pneumatized Carapace  
  78  6:47  Drone x5  
  78  6:50  Overlord  
  78  6:52  Overlord  
  82  6:58  Overseer  
  82  7:01  Glial Reconstitution  
  81  7:02  Roach x2  
  81  7:06  Roach  
  81  7:07  Roach  
  86  7:15  Drone x4  
  88  7:20  Drone  
  88  7:21  Drone x2  
  90  7:34  Drone x3, Queen  
  90  7:36  Roach x4  
  103  7:38  Extractor  
  103  7:39  Overlord  
  103  7:42  Overlord  
  102  7:46  Ravager x4  
  102  7:47  Zergling x4  
  102  7:48  Zergling x2  
  109  7:52  Zergling x2  
  109  7:53  Zergling x4  
  109  7:56  Zergling x2  
  113  8:00  Zergling x2  
  113  8:03  Zergling x2  
  113  8:04  Queen x2  
  113  8:08  Overlord  
  113  8:09  Zergling x6  
  116  8:13  Zergling x2  
  116  8:16  Zergling x2  
  118  8:22  Zergling x8  
  118  8:24  Overlord  
  122  8:27  Overlord  
  122  8:30  Overlord  
  122  8:33  Spore Crawler  
  122  8:34  Overlord  
  120  8:44  Zergling x2  
  120  8:45  Zergling x8  
  118  8:49  Zergling x2  
  118  8:52  Zergling x2  
  118  8:53  Zergling x6  
  110  8:57  Zerg Ground Armor Level 2  
  110  8:58  Zerg Melee Weapons Level 2  
  110  9:02  Infestation Pit, Zergling x4  
  111  9:03  Zergling x2  
  111  9:09  Zergling x4  
  108  9:10  Zergling x2  
  108  9:11  Zergling x2  
  108  9:13  Hatchery, Roach  
  107  9:19  Roach x4  
  107  9:22  Roach  
  107  9:23  Roach  
  110  9:28  Roach x4  
  116  9:34  Roach  
  116  9:35  Ravager x2  
  116  9:36  Ravager, Roach  
  123  9:40  Zergling x2  
  123  9:44  Zergling x2  
  123  9:45  Zergling x2  
  126  9:46  Ravager  
  126  9:47  Ravager x4  
  126  9:49  Extractor  
  126  9:50  Zergling x2  
  126  9:51  Zergling x4  
  132  9:54  Zergling x4  
  132  9:56  Zergling x4  
  132  9:57  Zergling x2  
  130  10:01  Zergling x6  
  126  10:09  Pathogen Glands  
  126  10:10  Drone x2  
  127  10:14  Infestor  
  127  10:15  Infestor  
  127  10:16  Zergling x2  
  127  10:19  Zergling x4  
  127  10:20  Zergling x2  
  131  10:23  Drone  
  131  10:25  Drone  
  131  10:28  Zergling x4  
  135  10:31  Zergling x2  
  135  10:32  Zergling x6  
  139  10:40  Zergling x4  
  141  10:44  Infestor  
  141  10:45  Infestor x2  
  145  10:56  Zergling x4  
  145  10:57  Zergling x8  
  146  11:03  Zergling x6  
  146  11:04  Zergling x4  
  146  11:08  Zergling x6  
  146  11:11  Zergling x4  
  150  11:12  Zergling x2  
  150  11:13  Zergling x2  
  150  11:14  Zergling x2  
  150  11:15  Zergling x2  
  150  11:18  Infestor  
  151  11:20  Infestor  
  151  11:23  Zergling x4  
  157  11:26  Zergling x4  
  157  11:32  Overlord x2  
  159  11:33  Overlord  
  158  11:48  Zergling x2  
  158  11:49  Overlord x2  
  157  11:54  Zergling x2  
  157  11:55  Zergling x18  
  157  11:56  Zergling x4  
  157  11:59  Zergling x4  
  171  12:06  Hive  
  171  12:07  Drone x2  
  172  12:08  Drone  
  172  12:10  Drone  
  172  12:11  Drone  
  172  12:13  Drone  
  172  12:14  Drone  
  177  12:16  Drone x2  
  177  12:18  Drone  
  177  12:19  Drone  
  181  12:24  Extractor  
  181  12:26  Zergling x2  
  181  12:27  Zergling x8  
  181  12:29  Zergling x2  
  186  12:34  Zergling x4  
  188  12:39  Zergling x4  
  188  12:41  Zergling x10  
  195  12:47  Zergling x8  
  196  12:55  Zergling x8  
  196  13:09  Zergling x10  
  196  13:10  Zergling x4  
  194  13:18  Zergling x8  
  194  13:19  Zergling x2  
  167  13:20  Zergling x6  
  167  13:24  Zergling x8  
  167  13:26  Zergling x2  
  151  13:30  Zergling x4  
  141  13:37  Drone x4  
Show
View Real Time Build Order
Export as new Build Order

TYTY Terran 

Build Orders: Reaper Expand, Bio Tank, Banshee Rush 

Get SALT Encoding   

  12  0:00  SCV  
  13  0:12  SCV  
  14  0:17  Supply Depot  
  14  0:25  SCV  
  15  0:39  SCV  
  15  0:40  Barracks  
  16  0:43  Refinery  
  16  0:51  SCV  
  17  1:03  SCV  
  18  1:15  SCV  
  19  1:27  Orbital Command  
  19  1:28  Reaper  
  20  1:42  Command Center  
  20  1:53  SCV  
  21  1:55  Supply Depot  
  21  1:59  Marine  
  22  2:08  Factory  
  22  2:10  SCV  
  23  2:21  Refinery  
  23  2:22  SCV  
  24  2:26  Barracks Reactor  
  24  2:34  SCV  
  25  2:46  SCV  
  26  2:55  Orbital Command  
  26  2:57  Hellion  
  26  2:58  SCV  
  26  3:01  Starport  
  26  3:02  Marine x2  
  29  3:10  SCV  
  29  3:20  Marine x2  
  29  3:23  SCV  
  29  3:25  Factory Tech Lab  
  32  3:27  SCV  
  33  3:35  SCV  
  33  3:38  Marine x2  
  33  3:39  SCV  
  37  3:47  SCV  
  38  3:49  Banshee  
  38  3:51  SCV  
  38  3:54  Factory Tech Lab  
  41  3:56  Supply Depot, Cloaking Field, Marine  
  41  3:59  SCV  
  41  4:01  Marine  
  44  4:06  SCV, Bunker  
  43  4:13  Siege Tank  
  46  4:19  Supply Depot, Marine x2  
  46  4:23  SCV x2  
  50  4:32  Banshee  
  50  4:33  Supply Depot  
  50  4:35  SCV  
  54  4:41  SCV, Marine x2  
  57  4:47  SCV, Siege Tank  
  61  4:53  SCV  
  61  4:58  Marine x2  
  65  5:00  SCV  
  65  5:05  SCV  
  65  5:14  Barracks x2  
  65  5:15  Barracks  
  65  5:16  Barracks  
  65  5:19  SCV x2  
  67  5:25  Refinery x2, Siege Tank  
  70  5:37  Stimpack  
  70  5:38  Viking  
  70  5:41  SCV x2  
  74  5:44  Marine  
  69  5:53  SCV x2  
  68  6:00  Siege Tank  
  68  6:02  Marine x4  
  74  6:05  SCV x2  
  74  6:10  Engineering Bay  
  76  6:11  Engineering Bay  
  77  6:22  Barracks Reactor x2, Barracks Tech Lab  
  76  6:26  SCV x2  
  78  6:37  Barracks Reactor  
  78  6:44  Combat Shields  
  78  6:52  Terran Infantry Weapons Level 1  
  78  6:53  Terran Infantry Armor Level 1  
  78  6:55  Supply Depot x2  
  78  7:00  Supply Depot x2  
  78  7:01  Supply Depot  
  78  7:07  Marine x2  
  78  7:08  Marine x2, Medivac x2  
  86  7:16  Marine x2  
  86  7:19  Supply Depot, Marine x2  
  86  7:20  Supply Depot  
  86  7:22  Siege Tank  
  90  7:24  Supply Depot  
  90  7:25  Marine x2  
  90  7:26  Marine x2  
  94  7:36  Marine x2  
  96  7:37  Marine x2  
  96  7:39  Medivac  
  96  7:43  Medivac  
  96  7:44  Marauder x2  
  106  7:45  Marine x2  
  108  7:54  Marine x2  
  109  7:59  Marine x2  
  109  8:03  Marine x2  
  107  8:08  Marine x2  
  107  8:12  Marine x2  
  112  8:13  Medivac x2  
  112  8:17  Marine x2  
  118  8:21  Marine  
  118  8:25  Marine  
  120  8:28  Command Center  
  120  8:33  Siege Tank  
  118  8:35  Marine x2  
  117  8:46  Marine x4  
  96  8:56  Marine x4  
  96  8:59  Medivac x2  
  94  9:11  Marine x4  
  94  9:16  Siege Tank, Liberator x2  
  98  9:17  Marine  
  92  9:28  Marine, Marauder x2  
  92  9:29  Marine  
  102  9:36  Marine x2  
  106  9:46  Marine  
  106  9:49  Marauder x2  
  111  9:56  Marine x2  
  111  9:57  Marine x2  
  113  10:05  Marine x2  
  111  10:10  Marauder x2  
  111  10:16  SCV  
  110  10:22  Marine x2  
  110  10:23  Marine x2  
  112  10:29  Orbital Command  
  112  10:30  Marine x2  
  112  10:31  Marine  
  115  10:38  Siege Tank  
  117  10:47  Marine x4  
  121  10:56  SCV x2  
  121  11:05  Liberator  
  121  11:07  Liberator, Marauder x2, Marine x5  
  121  11:08  SCV  
  125  11:13  Siege Tank  
  125  11:15  Marine  
  133  11:32  Marine x4  
  135  11:34  Marine  
  135  11:37  Marauder x2  
  142  11:47  Concussive Shells, Marine  
  136  11:50  Marine x3  
  136  11:53  Siege Tank, Marine x2  
  145  11:58  Marine x2  
  147  12:06  Marine  
  147  12:08  Marine x3  
  149  12:14  Armory  
  148  12:22  Marauder  
  150  12:23  Supply Depot  
  150  12:24  Supply Depot  
  150  12:27  Liberator x2  
  150  12:41  Marauder, Marine x3  
  148  12:45  Siege Tank  
  148  12:46  Marine x4  
  146  12:59  Marine x3  
  146  13:02  Marine  
  140  13:07  Marine x4  
  133  13:17  Marine x3  
  112  13:20  Marine  
  112  13:24  Marine  
  112  13:25  Marine  
  112  13:26  Marauder, Marine  

Tags
 
Add a new tag
Caveats
  • Supply blocks, unpowered buildings, or Contaminate may cause inaccurate times.
  • Supply counts are checked every 10 seconds.